 Dungeon Crawl Stone Soup version 0.17-a0-1210-g1e4f09d (webtiles) character file.

35 Fluffy the Ducker (level 3, -2/29 HPs)
             Began as a Demonspawn Gladiator on June 4, 2015.
             Killed from afar by a white imp (6 damage)
             ... with a puff of frost
             ... summoned by Natasha
             ... on level 2 of the Dungeon.
             The game lasted 00:02:01 (1599 turns).

Fluffy the Ducker (Demonspawn Gladiator)            Turns: 1599, Time: 00:02:02

Health: -2/29      AC:  9    Str: 16    XL:     3   Next: 17%
Magic:  3/3        EV: 14    Int:  9    God:
Gold:   87         SH:  0    Dex: 13    Spells: 0 memorised, 2 levels left

rFire  . . .     SeeInvis .     a - +0 long sword
rCold  . . .     Clarity  .     o - +0 scale mail
rNeg   . . .     SustAt   .     (no shield)
rPois  .         Gourm    .     c - +0 helmet
rElec  .         Spirit   .     (no cloak)
rCorr  .         Warding  .     (no gloves)
rMut   .         Stasis   .     (no boots)
MR     .....                    (no amulet)
Stlth  ..........               (no ring)
                                g - +4 ring of evasion

@: not resistant to hostile enchantments, extremely unstealthy
A: rugged brown scales 2
a: no special abilities


You were on level 2 of the Dungeon.
You were not hungry.

You visited 1 branch of the dungeon, and saw 2 of its levels.

You collected 87 gold pieces.

Inventory:

Hand weapons
 a - a +0 long sword (weapon)
Missiles
 d - 3 throwing nets (quivered)
Armour
 c - a +0 helmet (worn)
 o - a +0 scale mail (worn)
Jewellery
 g - a +4 ring of evasion (left hand)
Scrolls
 b - a scroll of identify {unknown}
 i - a scroll of teleportation {unknown}
 j - a scroll of remove curse {unknown}
 m - a scroll of random uselessness {unknown}
 p - a scroll of magic mapping {unknown}
Potions
 h - 2 potions of might {unknown}
 k - a potion of degeneration {unknown}
 l - a potion of flight {unknown}
 q - a potion of poison {unknown}
Comestibles
 e - a bread ration
 f - a slice of pizza
 n - a chunk of flesh


   Skills:
 + Level 2.5 Fighting
 + Level 2.9 Long Blades
 - Level 1.7 Throwing
 + Level 1.1 Armour
 + Level 3.1 Dodging


You had 2 spell levels left.
You didn't know any spells.

Dungeon Overview and Level Annotations

Branches:
Dungeon (2/15)

Altars:

Annotations:
D:2 Natasha


Innate Abilities, Weirdness & Mutations

You are mostly covered in rugged brown scales (AC +2, +5% HP).


Message History

You hit Natasha.
Natasha is heavily wounded.
The white imp gestures at you. The puff of frost hits you!
The crimson imp hits you but does no damage.
Natasha casts a spell.
The white imp barely misses you.
You closely miss Natasha.
Natasha is heavily wounded.
The crimson imp blinks!
Natasha claws you but does no damage. The white imp barely misses you.
The white imp gestures at you. The puff of frost misses you.
You closely miss Natasha.
Natasha is heavily wounded.
Natasha barely misses you. The white imp hits you. The white imp freezes you.
* * * LOW HITPOINT WARNING * * *
The white imp gestures at you. The puff of frost hits you!
You die...

#.........
#..........
#...........
+........s..
#............
#............
#5h5.........
#.@..5...... #.#
#.ยง.........
###.####+#....#....
....##........#....
#.#.##..>..........
#.#.##.............
#.#.............#.#
#.#.#.........###
#................


You could see Natasha, a crimson imp, 2 white imps and a giant cockroach
(wandering).

Vanquished Creatures
  An ooze (D:1)
  A worm (D:2)
  A giant gecko (D:1)
  A bat (D:1)
  A giant cockroach (D:1)
  6 goblins (D:1)
  5 hobgoblins
  A ball python (D:1)
  4 kobolds (D:1)
  5 rats (D:1)
26 creatures vanquished.

Notes
Turn   | Place    | Note
--------------------------------------------------------------
     0 | D:1      | Fluffy the Demonspawn Gladiator began the quest for the Orb.
     0 | D:1      | Reached XP level 1. HP: 16/16 MP: 1/1
   180 | D:1      | Gained mutation: You are partially covered in rugged brown scales (AC +1, +3% HP). [demonic ancestry]
   180 | D:1      | Reached XP level 2. HP: 12/22 MP: 2/2
   770 | D:1      | Reached skill level 3 in Dodging
   786 | D:1      | Reached skill level 1 in Armour
  1043 | D:1      | Gained mutation: You are mostly covered in rugged brown scales (AC +2, +5% HP). [demonic ancestry]
  1043 | D:1      | Reached XP level 3. HP: 21/29 MP: 3/3
  1589 | D:2      | Noticed Natasha
  1599 | D:2      | Killed from afar by a white imp

Vault maps used:
D:1:      dpeg_arrival_circle_labyrinth_a, serial_glass, glass_columns_a,
          glass_columns_c, glass_columns_a, glass_columns_b, glass_columns_c,
          glass_columns_a
D:2:      kennysheep_boxes, uniq_natasha, uniq_robin

Action                   || total
-------------------------++-------
Melee: Long sword        ||   107
  Eat: Chunk             ||     2
